3A
BELLEVILLE BULLS @ MT. VERNON BULLS
08/19/2021
 
TOP OF THE 1ST
Belleville Bulls batting - Pitching for Mt. Vernon Bulls : LHP Cal Haber
Pitching: LHP Cal Haber
Batting: RHB Jaime Ramírez 0-0: Foul Ball, location: 2F
0-1: Ball
1-1: Called Strike
1-2: Ball
2-2: Strikes out looking
Batting: RHB Paddy Hodnett 0-0: Swinging Strike
0-1: Swinging Strike
0-2: Ball
1-2: Strikes out swinging
Batting: RHB José Icaza 0-0: Ball
1-0: Swinging Strike
1-1: Fly out, F7 (Line Drive, 7M)
Top of the 1st over - 0 run(s), 0 hit(s), 0 error(s), 0 left on base; Belleville 0 - Mt. Vernon 0
BOTTOM OF THE 1ST
Mt. Vernon Bulls batting - Pitching for Belleville Bulls : RHP Frank Walker
Pitching: RHP Frank Walker
Batting: RHB Joseph Gray 0-0: Bunted foul
0-1: Called Strike
0-2: Foul Ball, location: 2F
0-2: Ground out U3 (Groundball, 3)
Batting: RHB Albert Delgado 0-0: Called Strike
0-1: SINGLE (Line Drive, 8LS)
Batting: LHB Yun Yen 0-0: Ball
1-0: Called Strike
1-1: Ball
2-1: Foul Ball, location: 2F
2-2: Fly out, F8 (Line Drive, 8RM)
Batting: RHB Franklin Gestel 0-0: Ball
1-0: Ball
2-0: DOUBLE (Flyball, 89M)
Albert Delgado to third
Runner from 3rd tries for Home, SAFE, no throw or cutoff
Batting: LHB Enrique Sánchez 0-0: Ball
1-0: Ball
2-0: Called Strike
2-1: Ball
3-1: Base on Balls
Batting: LHB Álex Ramírez 0-0: Called Strike
0-1: Ball
1-1: Foul Ball, location: 2F
1-2: Foul Ball, location: 2F
1-2: Ball
2-2: Ground out U3 (Groundball, 3)
Bottom of the 1st over - 1 run(s), 2 hit(s), 0 error(s), 2 left on base; Belleville 0 - Mt. Vernon 1
TOP OF THE 2ND
Belleville Bulls batting - Pitching for Mt. Vernon Bulls : LHP Cal Haber
Batting: RHB Lee Charles 0-0: Ball
1-0: Fly out, F7 (Flyball, 7LD)
Batting: RHB Ángel Rosa 0-0: Fly out, F4 (Line Drive, 4M)
Batting: LHB Manuel Sánchez 0-0: Ball
1-0: Ball
2-0: Fly out, F8 (Flyball, 8RM)
Top of the 2nd over - 0 run(s), 0 hit(s), 0 error(s), 0 left on base; Belleville 0 - Mt. Vernon 1
BOTTOM OF THE 2ND
Mt. Vernon Bulls batting - Pitching for Belleville Bulls : RHP Frank Walker
Batting: RHB Orlando Padilla 0-0: Ball
1-0: Called Strike
1-1: Foul Ball, location: 2F
1-2: Ball
2-2: Ball
3-2: Base on Balls
Batting: LHB Miguel García 0-0: Ball
1-0: Called Strike
1-1: DOUBLE (Flyball, 78M)
Orlando Padilla to third
Batting: RHB Martín Álvarez 0-0: Called Strike
0-1: Ball
1-1: Foul Ball, location: 2F
1-2: Strikes out swinging
Batting: RHB Joseph Gray 0-0: Ball
1-0: Ball
2-0: Ball
3-0: Base on Balls
Batting: RHB Albert Delgado 0-0: Foul Ball, location: 2F
0-1: Called Strike
0-2: Strikes out swinging
Batting: LHB Yun Yen 0-0: Called Strike
0-1: Foul Ball, location: 2F
0-2: DOUBLE (Line Drive, 9LM)
Orlando Padilla scores
Miguel García scores
Joseph Gray to third
Runner from 3rd tries for Home, SAFE, no throw or cutoff
Batting: RHB Franklin Gestel 0-0: Ball
1-0: Called Strike
1-1: Swinging Strike
1-2: Fly out, F8 (Flyball, 8RS)
Bottom of the 2nd over - 3 run(s), 2 hit(s), 0 error(s), 1 left on base; Belleville 0 - Mt. Vernon 4
TOP OF THE 3RD
Belleville Bulls batting - Pitching for Mt. Vernon Bulls : LHP Cal Haber
Batting: RHB Noel Wells 0-0: Called Strike
0-1: Ground out 6-3 (Groundball, 6)
Batting: RHB Henry Mann 0-0: Called Strike
0-1: Foul Ball, location: 2F
0-2: Strikes out swinging
Batting: RHB Gabriel López 0-0: Foul Ball, location: 2F
0-1: Called Strike
0-2: Foul Ball, location: 2F
0-2: Ball
1-2: Strikes out swinging
Top of the 3rd over - 0 run(s), 0 hit(s), 0 error(s), 0 left on base; Belleville 0 - Mt. Vernon 4
BOTTOM OF THE 3RD
Mt. Vernon Bulls batting - Pitching for Belleville Bulls : RHP Frank Walker
Batting: LHB Enrique Sánchez 0-0: Ball
1-0: Called Strike
1-1: Foul Ball, location: 2F
1-2: Ball
2-2: SOLO HOME RUN (Flyball, 8RXD), Distance : 450 ft
Batting: LHB Álex Ramírez 0-0: Ball
1-0: Called Strike
1-1: Ball
2-1: Swinging Strike
2-2: Ball
3-2: Fly out, F4 (Popup, 34)
Batting: RHB Orlando Padilla 0-0: Ball
1-0: Ball
2-0: Called Strike
2-1: Called Strike
2-2: Ground out 4-3 (Groundball, 4)
Batting: LHB Miguel García 0-0: Ground out 4-3 (Groundball, 4M)
Bottom of the 3rd over - 1 run(s), 1 hit(s), 0 error(s), 0 left on base; Belleville 0 - Mt. Vernon 5
TOP OF THE 4TH
Belleville Bulls batting - Pitching for Mt. Vernon Bulls : LHP Cal Haber
Batting: RHB Jaime Ramírez 0-0: Called Strike
0-1: Called Strike
0-2: Ball
1-2: SINGLE (Line Drive, 89M)
Batting: RHB Paddy Hodnett 0-0: Swinging Strike
0-1: Foul Ball, location: 2F
0-2: Ball
1-2: Strikes out swinging
Batting: RHB José Icaza 0-0: Swinging Strike
0-1: Ball
1-1: Called Strike
1-2: Foul Ball, location: 2F
1-2: Ball
2-2: Ball
3-2: Base on Balls
Jaime Ramírez to second
Batting: RHB Lee Charles 0-0: Foul Ball, location: 2F
0-1: Ball
1-1: SINGLE (Flyball, 9LM)
Jaime Ramírez to third
José Icaza to second
Batting: RHB Ángel Rosa 0-0: Ball
1-0: Called Strike
1-1: Called Strike
1-2: Ball
2-2: Foul Ball, location: 2F
2-2: DOUBLE (Line Drive, 9M)
Jaime Ramírez scores
José Icaza scores
Lee Charles to third
Batting: LHB Manuel Sánchez 0-0: Called Strike
0-1: Ball
1-1: Ball
2-1: Called Strike
2-2: Fly out, F8 (Flyball, 8LM)
Runner from 3rd tags up, SCORES, throw made
Batting: RHB Noel Wells 0-0: Called Strike
0-1: Foul Ball, location: 2F
0-2: Ball
1-2: Ball
2-2: Strikes out swinging
Top of the 4th over - 3 run(s), 3 hit(s), 0 error(s), 1 left on base; Belleville 3 - Mt. Vernon 5
BOTTOM OF THE 4TH
Mt. Vernon Bulls batting - Pitching for Belleville Bulls : RHP Frank Walker
Batting: RHB Martín Álvarez 0-0: Fly out, F8 (Flyball, 8LM)
Batting: RHB Joseph Gray 0-0: Called Strike
0-1: Foul Ball, location: 2F
0-2: Strikes out looking
Batting: RHB Albert Delgado 0-0: Called Strike
0-1: Ball
1-1: Foul Ball, location: 2F
1-2: Strikes out swinging
Bottom of the 4th over - 0 run(s), 0 hit(s), 0 error(s), 0 left on base; Belleville 3 - Mt. Vernon 5
TOP OF THE 5TH
Belleville Bulls batting - Pitching for Mt. Vernon Bulls : LHP Cal Haber
Batting: RHB Henry Mann 0-0: Called Strike
0-1: Ball
1-1: Foul Ball, location: 2F
1-2: Strikes out swinging
Batting: RHB Gabriel López 0-0: Called Strike
0-1: Called Strike
0-2: Ball
1-2: Strikes out swinging
Batting: RHB Jaime Ramírez 0-0: Called Strike
0-1: Foul Ball, location: 2F
0-2: Ball
1-2: Ball
2-2: Foul Ball, location: 2F
2-2: Foul Ball, location: 2F
2-2: Foul Ball, location: 2F
2-2: Strikes out swinging
Top of the 5th over - 0 run(s), 0 hit(s), 0 error(s), 0 left on base; Belleville 3 - Mt. Vernon 5
BOTTOM OF THE 5TH
Mt. Vernon Bulls batting - Pitching for Belleville Bulls : RHP Frank Walker
Batting: LHB Yun Yen 0-0: Ball
1-0: SOLO HOME RUN (Flyball, 9D), Distance : 405 ft
Pitching: RHP Rubén Villarreal
Batting: RHB Franklin Gestel 0-0: Called Strike
0-1: Fly out, F7 (Flyball, 7M)
Batting: LHB Enrique Sánchez 0-0: SINGLE (Groundball, 34)
Batting: LHB Álex Ramírez 0-0: Fly out, F4 (Line Drive, 4)
Batting: RHB Orlando Padilla 0-0: Swinging Strike
0-1: Ball
1-1: Called Strike
1-2: Fly out, F8 (Line Drive, 8LM)
Bottom of the 5th over - 1 run(s), 2 hit(s), 0 error(s), 1 left on base; Belleville 3 - Mt. Vernon 6
TOP OF THE 6TH
Belleville Bulls batting - Pitching for Mt. Vernon Bulls : LHP Cal Haber
Batting: RHB Paddy Hodnett 0-0: Ball
1-0: Ball
2-0: Ball
3-0: Base on Balls
Batting: RHB José Icaza 0-0: Foul Ball, location: 2F
0-1: Ball
1-1: Swinging Strike
1-2: Strikes out looking
Batting: RHB Lee Charles 0-0: Swinging Strike
0-1: SINGLE (Groundball, 56D)
Paddy Hodnett to second
Batting: RHB Ángel Rosa 0-0: Grounds into double play, 4-6-3 (Groundball, 34)
Top of the 6th over - 0 run(s), 1 hit(s), 0 error(s), 1 left on base; Belleville 3 - Mt. Vernon 6
BOTTOM OF THE 6TH
Mt. Vernon Bulls batting - Pitching for Belleville Bulls : RHP Rubén Villarreal
Batting: LHB Miguel García 0-0: Called Strike
0-1: Ball
1-1: Ball
2-1: Foul Ball, location: 2F
2-2: DOUBLE (Flyball, 89M)
Batting: RHB Martín Álvarez 0-0: SINGLE (Groundball, 6MD)
Miguel García to third
Runner from 3rd tries for Home, SAFE, no throw or cutoff
Batting: RHB Joseph Gray 0-0: Sac Bunt - play at first, batter OUT! 5-3
Martín Álvarez to second
Batting: RHB Albert Delgado 0-0: Hit by Pitch
Batting: LHB Yun Yen 0-0: Swinging Strike
0-1: Hit by Pitch
Martín Álvarez to third
Albert Delgado to second
Batting: RHB Franklin Gestel 0-0: Ball
1-0: Called Strike
1-1: Foul Ball, location: 2F
1-2: SINGLE (Groundball, 6MD)
Martín Álvarez scores
Albert Delgado to third
Yun Yen to second
Runner from 3rd tries for Home, SAFE, no throw or cutoff
Pitching: RHP Leão Barro
Batting: LHB Enrique Sánchez 0-0: Ball
1-0: DOUBLE (Line Drive, 9LS)
Yun Yen scores
Franklin Gestel to third
Batting: LHB Álex Ramírez 0-0: SINGLE (Groundball, 4M) (infield hit)
Franklin Gestel scores
Enrique Sánchez to third
Batting: RHB Orlando Padilla 0-0: Ball
1-0: Called Strike
1-1: Foul Ball, location: 2F
1-2: Fly out, F9 (Flyball, 9LM)
Runner from 3rd tags up, SCORES, throw made
Batting: LHB Miguel García 0-0: Ball
1-0: Swinging Strike
1-1: Ball
Álex Ramírez is caught stealing 2nd base
Bottom of the 6th over - 6 run(s), 5 hit(s), 0 error(s), 0 left on base; Belleville 3 - Mt. Vernon 12
TOP OF THE 7TH
Belleville Bulls batting - Pitching for Mt. Vernon Bulls : LHP Cal Haber
Batting: LHB Manuel Sánchez 0-0: Fly out, F8 (Flyball, 9M)
Batting: RHB Noel Wells 0-0: Ground out 5-3 (Groundball, 56S)
Batting: RHB Henry Mann 0-0: Ground out 1-3 (Groundball, 13S)
Top of the 7th over - 0 run(s), 0 hit(s), 0 error(s), 0 left on base; Belleville 3 - Mt. Vernon 12
BOTTOM OF THE 7TH
Mt. Vernon Bulls batting - Pitching for Belleville Bulls : RHP Leão Barro
Batting: LHB Miguel García 0-0: Ball
1-0: Ball
2-0: Called Strike
2-1: Ground out 4-3 (Groundball, 4)
Batting: RHB Martín Álvarez 0-0: Foul Ball, location: 2F
0-1: SINGLE (Line Drive, 3D)
Batting: RHB Joseph Gray 0-0: Ball
Martín Álvarez steals 2nd base
1-0: Ball
Martín Álvarez steals 3rd base
2-0: Called Strike
2-1: Swinging Strike
2-2: Ball
3-2: Strikes out looking
Batting: RHB Albert Delgado 0-0: Ball
1-0: Ball
2-0: Swinging Strike
2-1: Swinging Strike
2-2: SINGLE (Groundball, 6MD)
Martín Álvarez scores
Pinch Hitting: RHB Alfredo Rivera 0-0: Called Strike
0-1: Called Strike
Albert Delgado is caught stealing 2nd base
Bottom of the 7th over - 1 run(s), 2 hit(s), 0 error(s), 0 left on base; Belleville 3 - Mt. Vernon 13
TOP OF THE 8TH
Belleville Bulls batting - Pitching for Mt. Vernon Bulls : LHP Cal Haber
Now at 1B: Alfredo Rivera
Batting: RHB Gabriel López 0-0: Ball
1-0: Called Strike
1-1: Foul Ball, location: 2F
1-2: Strikes out swinging, 2-3 out at first.
Batting: RHB Jaime Ramírez 0-0: Ball
1-0: Ball
2-0: Called Strike
2-1: DOUBLE (Groundball, 5L)
Batting: RHB Paddy Hodnett 0-0: Ball
1-0: Swinging Strike
1-1: Ground out 5-3 (Groundball, 5)
Batting: RHB José Icaza 0-0: Fly out, F8 (Line Drive, 78M)
Top of the 8th over - 0 run(s), 1 hit(s), 0 error(s), 1 left on base; Belleville 3 - Mt. Vernon 13
BOTTOM OF THE 8TH
Mt. Vernon Bulls batting - Pitching for Belleville Bulls : RHP Leão Barro
Batting: RHB Alfredo Rivera 0-0: Called Strike
0-1: Ground out 6-3 (Groundball, 56)
Batting: RHB Franklin Gestel 0-0: Ball
1-0: Ball
2-0: Ball
3-0: Called Strike
3-1: Foul Ball, location: 2F
3-2: Ground out 5-3 (Groundball, 5S)
Batting: LHB Enrique Sánchez 0-0: Ball
1-0: Ball
2-0: Fly out, F7 (Flyball, 78M)
Bottom of the 8th over - 0 run(s), 0 hit(s), 0 error(s), 0 left on base; Belleville 3 - Mt. Vernon 13
TOP OF THE 9TH
Belleville Bulls batting - Pitching for Mt. Vernon Bulls : LHP Cal Haber
Batting: RHB Lee Charles 0-0: Called Strike
0-1: Ball
1-1: Called Strike
1-2: Ball
2-2: Strikes out swinging
Batting: RHB Ángel Rosa 0-0: Ball
1-0: Foul Ball, location: 2F
1-1: Ball
2-1: Foul Ball, location: 2F
2-2: Ball
3-2: Strikes out looking
Batting: LHB Manuel Sánchez 0-0: Ball
1-0: Ball
2-0: Foul Ball, location: 2F
2-1: Fly out, F9 (Flyball, 9D)
Top of the 9th over - 0 run(s), 0 hit(s), 0 error(s), 0 left on base; Belleville 3 - Mt. Vernon 13
This league is powered by Out of the Park Baseball, the baseball management simulation game for PC, Mac and Linux
Friday, January 22nd, 2016 - OOTP Baseball 16.9 Build 39